 Dungeon Crawl Stone Soup version 0.23-a0-837-ga3e6480 (webtiles) character file.

438 wilfster70 the Insei (level 7, -3/46 HPs)
             Began as an Octopode Transmuter on Jan 24, 2019.
             Was an Initiate of Makhleb.
             Slain by Dowan
             ... wielding a +1 dagger of electrocution
              (14 damage)
             ... on level 4 of the Dungeon.
             The game lasted 00:08:54 (4114 turns).

wilfster70 the Insei (Octopode Transmuter)          Turns: 4114, Time: 00:08:55

Health: -3/46      AC:  1    Str:  9    XL:     7   Next: 1%
Magic:  21/21      EV: 13    Int: 17    God:    Makhleb [......]
Gold:   163        SH:  0    Dex: 13    Spells: 5/13 levels left

rFire    . . .     SeeInvis .     - Unarmed
rCold    . . .     Gourm    .   (no shield)
rNeg     . . .     Faith    .   (helmet restricted)
rPois    .         Spirit   .   (no amulet)
rElec    .         Reflect  .   m - ring of magical power
rCorr    .         Harm     .   q - ring of wizardry
MR       .....                  (no ring)
Stlth    ++........             (no ring)
HPRegen  0.15/turn              (no ring)
MPRegen  0.17/turn              (no ring)
                                (no ring)
                                (no ring)

@: no status effects
A: almost no armour, stealthy swim, amphibious, 8 rings, constrict 8, camouflage
1, gelatinous body 1
a: Renounce Religion


You were on level 4 of the Dungeon.
You worshipped Makhleb.
Makhleb was noncommittal.
You were hungry.

You visited 1 branch of the dungeon, and saw 4 of its levels.

You collected 163 gold pieces.

Inventory:

Hand Weapons
 b - a +0 hunting sling
Missiles
 a - 12 arrows
 h - 100 stones (quivered)
 j - 15 poisoned needles
Jewellery
 m - a ring of magical power (left tentacle)
 q - a ring of wizardry (right tentacle)
Wands
 n - a wand of random effects (14)
Scrolls
 d - a scroll of teleportation {unknown}
 f - a scroll of identify
 i - 3 scrolls of fog {unknown}
 k - 2 scrolls of fear {unknown}
 l - 2 scrolls of remove curse {unknown}
 o - a scroll of magic mapping {unknown}
 p - a scroll of blinking {unknown}
Potions
 e - a potion of flight {unknown}
 g - a potion of curing
 r - a potion of haste {unknown}
 t - 2 potions of mutation {unknown}
Comestibles
 c - 7 rations


   Skills:
 + Level 3.2 Fighting
 - Level 2.0 Dodging
 + Level 4.3 Unarmed Combat
 + Level 3.5 Spellcasting
 + Level 3.8 Transmutations
 + Level 2.2 Invocations


You had 5 spell levels left.
You knew the following spells:

 Your Spells              Type           Power        Failure   Level  Hunger
a - Beastly Appendage     Tmut           ###...       1%          1    None
b - Sticks to Snakes      Tmut           ###.....     2%          2    ##.....
c - Blade Hands           Tmut           ###.......   34%         5    ######.

Your spell library contained the following spells:

 Spells                   Type           Power        Failure   Level  Hunger
 Spider Form              Tmut/Pois      #.........   9%          3    ###....
 Ice Form                 Ice/Tmut       #.......     28%         4    ####...


Dungeon Overview and Level Annotations

Branches:
Dungeon (4/15)
 Temple: D:4-7

Altars:
Cheibriados
Dithmenos
Kikubaaqudgha
Makhleb
Qazlal

Annotations:
D:4 Dowan


Innate Abilities, Weirdness & Mutations

You cannot wear most types of armour.
You are very stealthy in the water. (Stealth+)
You are amphibious.
You can wear up to eight rings at the same time.
You can use your tentacles to constrict eight enemies at once.
Your skin changes colour to match your surroundings (Stealth+).
Your rubbery body absorbs attacks. (AC +1, EV +1)


Message History

Duvessa is severely wounded.
You constrict Duvessa. Duvessa closely misses you.
You tentacle-slap Duvessa but do no damage.
You squeeze Duvessa.
Duvessa is almost dead.
You constrict Duvessa. Duvessa closely misses you.
You tentacle-slap Duvessa.
Duvessa is almost dead.
You constrict Duvessa. Duvessa hits you with a +0 short sword.
* * * LOW HITPOINT WARNING * * *
You tentacle-slap Duvessa but do no damage.
You tentacle-slap Duvessa.
You kill Duvessa!
Makhleb accepts your kill.
Dowan screams, "No!
No!"
Dowan seems to find hidden reserves of power!
Your Invocations skill increases to level 2!
You have reached level 7!
Dowan hits you but does no damage.
You are electrocuted!
You die...

## # ##.#.## ##
#.....#.. #.###
##<....... ##...#
####@..#.....
#....###..e.### ...
###.....#.)#.# .
..#.......#.#### .....
.)..........## .....
#...#...##...## ......
#...#....##...# ......
##...........##
#.!....
#............##.......


You could see Dowan.

Vanquished Creatures
  Grinder (D:3)
  Duvessa (D:4)
  A hound (D:4)
  5 adders
  2 oozes (D:2)
  A worm (D:4)
  A dart slug (D:3)
  A leopard gecko (D:3)
  An orc (D:3)
  8 ball pythons
  4 giant cockroaches
  6 hobgoblins
  3 jackals (D:1)
  5 kobolds
  2 quokkas (D:2)
  6 bats
  2 frilled lizards
  3 goblins
  6 rats
59 creatures vanquished.

Vanquished Creatures (others)
  2 fungi (D:3)
2 creatures vanquished.

Grand Total: 61 creatures vanquished

Notes
Turn   | Place    | Note
-------+----------+-------------------------------------------
     0 | D:1      | wilfster70 the Octopode Transmuter began the quest for the
                  | Orb.
     0 | D:1      | Reached XP level 1. HP: 13/13 MP: 3/3
   393 | D:1      | Reached XP level 2. HP: 10/18 MP: 5/5
   519 | D:1      | Learned a level 2 spell: Sticks to Snakes
  1184 | D:2      | Reached XP level 3. HP: 22/23 MP: 6/6
  1643 | D:2      | Found an ancient bone altar of Kikubaaqudgha.
  1735 | D:2      | Reached XP level 4. HP: 5/29 MP: 7/7
  2944 | D:3      | Found a shadowy altar of Dithmenos.
  3348 | D:3      | Found a burning altar of Makhleb.
  3357 | D:3      | Became a worshipper of Makhleb the Destroyer
  3415 | D:3      | Found a snail-covered altar of Cheibriados.
  3628 | D:3      | Found a stormy altar of Qazlal.
  3717 | D:3      | Noticed Grinder
  3728 | D:3      | HP: 1/29 [Grinder (2)]
  3732 | D:3      | Killed Grinder
  3732 | D:3      | Reached skill level 4 in Unarmed Combat
  3732 | D:3      | Reached skill level 1 in Invocations
  3732 | D:3      | Reached XP level 5. HP: 11/36 MP: 9/9
  3732 | D:3      | Reached XP level 6. HP: 13/42 MP: 10/10
  3950 | D:3      | Learned a level 5 spell: Blade Hands
  4076 | D:4      | Noticed Dowan
  4076 | D:4      | Noticed Duvessa
  4108 | D:4      | HP: 2/42 [Duvessa/+0 short sword (11)]
  4113 | D:4      | Killed Duvessa
  4113 | D:4      | Reached XP level 7. HP: 11/46 MP: 12/12
  4114 | D:4      | Slain by Dowan

Vault maps used:
D:1:      minmay_arrival_wavy_path, moated_statue
D:2:      kiku_gazebo_garden_becter, first_ration, serial_bayou_crossing
D:3:      kennysheep_slug_shrine, old_standard_altar,
          nicolae_overflow_crystal_walls, bloody_makhleb,
          minmay_shallow_snake_nest, uniq_grinder
D:4:      lemuel_round_altar, gup_sewer_entry_bubbles,
          kennysheep_generic_room_5, uniq_crazy_yiuf_cottage, uniq_eustachio,
          uniq_duvessa

Skill      XL: |  1  2  3  4  5  6 |
---------------+-------------------+-----
Fighting       | 2 3 |  3.2
Transmutations | 3 |  3.8
Unarmed Combat | 4 |  4.3
Spellcasting   | 3 |  3.5
Invocations    | 1 2 |  2.2
Dodging        | |  2.0

Action                   |  1- 3 |  4- 6 |  7- 9 || total
-------------------------+-------+-------+-------++-------
Melee: Unarmed           |    85 |    94 |       ||   179
       Constrict         |    22 |    22 |       ||    44
       Tentacles         |     9 |    12 |       ||    21
       Punch             |     2 |     3 |       ||     5
       Kick              |     2 |     5 |       ||     7
 Cast: Beastly Appendage |     1 |     3 |       ||     4
  Use: Scroll            |     2 |     1 |       ||     3
       Potion            |       |     3 |       ||     3
 Stab: Sleeping          |     6 |       |       ||     6
  Eat: Chunk             |     2 |     7 |       ||     9
Armor: Skin              |     6 |     5 |     1 ||    12
Dodge: Dodged            |    46 |    64 |       ||   110

Table legend:
 A = Non-vault XP
 B = Vault XP
 C = Vault XP percentage of total XP
 D = Non-vault monster count
 E = Vault monster count
 F = Vault count percentage of total count
                 A         B        C        D         E       F
            +---------+---------+-------+---------+---------+-------
      Total |     179 |     447 |  71.4 |      48 |      11 |  18.6
            +---------+---------+-------+---------+---------+-------
        D:1 |      32 |       0 |   0.0 |      19 |       0 |   0.0
        D:2 |      77 |       0 |   0.0 |      19 |       0 |   0.0
        D:3 |      25 |     309 |  92.5 |       8 |      10 |  55.6
        D:4 |      45 |     138 |  75.4 |       2 |       1 |  33.3
            +---------+---------+-------+---------+---------+-------
